[Event "*** Titled Tuesday 3|2 Blitz"]
[Site "Chess.com"]
[Date "2016.07.05"]
[Round "2"]
[White "ftorodent"]
[Black "Keranke"]
[Result "1-0"]
[WhiteElo "2348"]
[BlackElo "2549"]
[TimeControl "180+2"]
[EndTime "11:15:27 PDT"]
[Termination "ftorodent won by resignation"]

1. d4 g6 2. c4 Bg7 3. e4 d6 4. Nc3 Nc6 5. Be3 e5 6. Nge2 Nh6 7. f3 O-O 8. Qd2 f5 9. Bg5 exd4 10. Bxd8 dxc3 11. Nxc3 Rxd8 12. Bd3 Ne5 13. O-O c6 14.
exf5 Nxf5 15. Rad1 Be6 16. b3 d5 17. cxd5 cxd5 18. Bxf5 gxf5 19. Nb5 Bf7 20. Nd4 Bg6 21. Ne6 Rd7 22. Nxg7 1-0

[Event "*** Titled Tuesday 3|2 Blitz"]
[Site "Chess.com"]
[Date "2016.07.05"]
[Round "2"]
[White "cabalista"]
[Black "AdamHunt1"]
[Result "0-1"]
[WhiteElo "2413"]
[BlackElo "2382"]
[TimeControl "180+2"]
[EndTime "11:15:37 PDT"]
[Termination "AdamHunt1 won by resignation"]

1. e4 c5 2. Nf3 e6 3. Nc3 a6 4. d4 cxd4 5. Nxd4 Qc7 6. Bd3 Nf6 7. Qe2 d6 8. f4 Be7 9. g4 Nc6 10. Nxc6 Qxc6 11. g5 Nd7 12. Bd2 b5 13. O-O-O b4 14.
Nd5 exd5 15. exd5 Qxd5 16. Rhe1 Ne5 17. fxe5 Qxa2 18. Bxb4 Bxg5+ 19. Qe3 Bxe3+ 20. Rxe3 O-O 21. Bxd6 Re8 0-1

[Event "*** Titled Tuesday 3|2 Blitz"]
[Site "Chess.com"]
[Date "2016.07.05"]
[Round "2"]
[White "RamonManon0g"]
[Black "olgerts_indricans"]
[Result "0-1"]
[WhiteElo "2233"]
[BlackElo "2349"]
[TimeControl "180+2"]
[EndTime "11:15:50 PDT"]
[Termination "olgerts_indricans won by resignation"]

1. d4 d5 2. Bg5 h6 3. Bh4 c5 4.
dxc5 Nc6 5. Nf3 Bf5 6. e3 Qa5+ 7. Nc3 e6 8. Nd4 Bh7 9. Bb5 Rc8 10. a3 Be7 11.
Bxe7 Nxe7 12. b4 Qc7 13. O-O O-O 14. Qh5 Bg6 15. Qg4 Ne5 16. Qg3 b6 17. f4 bxc5 18. f5 cxd4 19. fxg6 dxc3 20. gxf7+ Nxf7 21. Qg4 Nf5 22.
Bd3 Ne5 23. Qh3 Nxd3 24. cxd3 c2 25. Rac1 Qc3 26. e4 dxe4 0-1

[Event "*** Titled Tuesday 3|2 Blitz"]
[Site "Chess.com"]
[Date "2016.07.05"]
[Round "2"]
[White "Alliswell998"]
[Black "GianmarcoVaR"]
[Result "0-1"]
[WhiteElo "2169"]
[BlackElo "2372"]
[TimeControl "180+2"]
[EndTime "11:16:30 PDT"]
[Termination "GianmarcoVaR won by resignation"]

1. e4 c6 2. d4 c5 3. Nf3 cxd4 4. Nxd4 d6 5. Nc3 e6 6. Be3 a6 7. Bc4 Ne7 8. Qe2 Nbc6 9. O-O-O Qc7 10. Bb3 Nxd4 11. Bxd4 Nc6 12. Be3 b5 13. Rhe1 Be7 14. f4 O-O 15. Qh5 b4 16. Ne2 a5 17. Kb1 a4 18.
Bc4 Ba6 19. Bd3 b3 20. cxb3 axb3 21. a3 Nb4 22. Bxa6 Qc2+ 23. Ka1 Rxa6 0-1

[Event "*** Titled Tuesday 3|2 Blitz"]
[Site "Chess.com"]
[Date "2016.07.05"]
[Round "2"]
[White "simplerXiao"]
[Black "Andrejkin"]
[Result "0-1"]
[WhiteElo "2315"]
[BlackElo "2166"]
[TimeControl "180+2"]
[EndTime "11:17:02 PDT"]
[Termination "Andrejkin won by resignation"]

1. e4 e5 2. Nf3 Nc6 3. Bc4 Bc5 4. d3 h6 5. c3 d6 6. Nbd2 a5 7. Qe2 Nf6 8. h3 O-O 9. g4 a4 10. a3 Na5 11. Ba2 Be6 12. Bxe6 fxe6 13. Rg1 Bb6 14. g5 hxg5 15. Nxg5 Qe8 16. Nf1 Nb3 17. Rb1 Nxc1 18. Rxc1 Nh5 19. Ne3 Nf4 20. Qg4 Nxd3+ 21. Kd2 Nxc1 22.
Kxc1 Rxf2 23. Nc4 Qb5 24. Qxe6+ Kh8 25. Qg6 Be3+ 26. Kb1 Bxg5 27. Qxg5 Rf7 28. Qh4+ Kg8 29. Ne3 Qd3+ 30. Nc2 Rf1+ 31. Rxf1 Qxf1+ 32. Ka2 Qc4+ 33. Kb1 Rf8 34. Kc1 Qf1+ 35. Ne1 Qf4+ 0-1

[Event "*** Titled Tuesday 3|2 Blitz"]
[Site "Chess.com"]
[Date "2016.07.05"]
[Round "2"]
[White "Lapitch"]
[Black "LazovT"]
[Result "0-1"]
[WhiteElo "2535"]
[BlackElo "2274"]
[TimeControl "180+2"]
[EndTime "11:17:08 PDT"]
[Termination "LazovT won by resignation"]

1. Nf3 Nf6 2. c4 g6 3. Nc3 Bg7 4. e4 d6 5. d4 O-O 6. Be2 Na6 7. Bg5 h6 8. Bh4 g5 9. Bg3 Nh5 10. Qd2 c5 11. d5 f5 12. exf5 Bxf5 13. Bd3 Qd7 14. O-O-O Rae8 15. Rde1 Nb4 16. Bxf5 Qxf5 17. Re3 Bd4 18. Nxd4 cxd4 19. Rf3 Qg6 20. Ne2 Nxa2+ 21. Kd1 Qb1+ 22. Nc1 Rxf3 23. gxf3 Nxc1 24. Qxc1 Qd3+ 25.
Qd2 Qxf3+ 0-1

[Event "*** Titled Tuesday 3|2 Blitz"]
[Site "Chess.com"]
[Date "2016.07.05"]
[Round "2"]
[White "hypert"]
[Black "alturas_pacificas"]
[Result "0-1"]
[WhiteElo "2321"]
[BlackElo "2167"]
[TimeControl "180+2"]
[EndTime "11:17:19 PDT"]
[Termination "alturas_pacificas won by resignation"]

1. e4 g6 2. d4 Bg7 3. Nc3 d6 4. Be3 a6 5. f4 Nf6 6. Bd3 O-O 7.
Nf3 Nc6 8. e5 dxe5 9. dxe5 Nd5 10. Nxd5 Qxd5 11. c4 Qa5+ 12. Bd2 Qc5 13. a3 Bg4 14. b4 Bxf3 15. Qxf3 Qd4 16. Rc1 Rad8 17. Rc3 Bxe5 18. b5 Qd6 19. Rb3 Nd4 0-1

[Event "*** Titled Tuesday 3|2 Blitz"]
[Site "Chess.com"]
[Date "2016.07.05"]
[Round "2"]
[White "Indianlad"]
[Black "Boryboy"]
[Result "1-0"]
[WhiteElo "2603"]
[BlackElo "2525"]
[TimeControl "180+2"]
[EndTime "11:17:25 PDT"]
[Termination "Indianlad won by resignation"]

1. Nf3 e6 2. c4 d5 3. d4 Nf6 4. g3 dxc4 5. Bg2 Bb4+ 6. Nbd2 b5 7. a4 c6 8. Ne5 Nd5 9. O-O O-O 10. e4 Ne7 11. Nef3 Bb7 12. Qc2 a6 13. b3 c5 14.
dxc5 Qd3 15. Qxd3 cxd3 16. Ba3 Bxa3 17. Rxa3 b4 18. Raa1 Nd7 19. Rfc1 Rac8 20. Rc4 a5 21.
Rac1 Ba6 22. c6 Nb8 23. c7 Nd7 24. Rd4 Nb6 25. Ne5 Na8 26. Rd7 Rfe8 27. Bf1 Nb6 28. Rd6 Na8 29. Rxa6 Nxc7 30. Ra7 1-0

[Event "*** Titled Tuesday 3|2 Blitz"]
[Site "Chess.com"]
[Date "2016.07.05"]
[Round "2"]
[White "popov_m"]
[Black "saraswathii"]
[Result "1-0"]
[WhiteElo "2206"]
[BlackElo "1985"]
[TimeControl "180+2"]
[EndTime "11:17:28 PDT"]
[Termination "popov_m won by resignation"]

1. c4 Nc6 2. Nc3 e6 3. e4 Nf6 4. Nf3 d5 5. e5 Nd7 6. d4 Bb4 7. Bd2 O-O 8. cxd5 exd5 9. Nxd5 Bxd2+ 10. Qxd2 Re8 11. Bc4 Nb6 12. Nxb6 axb6 13. O-O Bg4 14. Bxf7+ Kxf7 15. Qf4+ Kg8 16. Qxg4 Qd5 17. b3 Nb4 18. a3 Nc2 19. Rac1 Qxb3 20. Qe4 Nxa3 21. Ng5 1-0

[Event "*** Titled Tuesday 3|2 Blitz"]
[Site "Chess.com"]
[Date "2016.07.05"]
[Round "2"]
[White "Ksenia_Legenko"]
[Black "Saitama_Hero"]
[Result "0-1"]
[WhiteElo "2055"]
[BlackElo "2107"]
[TimeControl "180+2"]
[EndTime "11:17:33 PDT"]
[Termination "Saitama_Hero won by checkmate"]

1. d4 Nf6 2. c4 g6 3. Nc3 d5 4. Qa4+ Bd7 5. Qb3 dxc4 6. Qxc4 Bc6 7. Nf3 Bg7 8. Ne5 O-O 9. Bf4 Nd5 10. Nxc6 bxc6 11.
Be5 Bxe5 12. dxe5 e6 13. h4 Nd7 14. e4 N5b6 15. Qxc6 Nxe5 16. Qb5 Qf6 17. h5 Rab8 18. Qa6 Nbd7 19. Rb1 Nc5 20. Qa3 Ncd3+ 21. Bxd3 Nxd3+ 22. Ke2 Qxf2+ 23. Kxd3 Rfd8+ 24. Kc4 Qd4# 0-1

[Event "*** Titled Tuesday 3|2 Blitz"]
[Site "Chess.com"]
[Date "2016.07.05"]
[Round "2"]
[White "viditchess"]
[Black "EltajSafarli"]
[Result "0-1"]
[WhiteElo "2496"]
[BlackElo "2723"]
[TimeControl "180+2"]
[EndTime "11:18:09 PDT"]
[Termination "EltajSafarli won by resignation"]

1. Nf3 Nf6 2. c4 g6 3. Nc3 Bg7 4. g3 O-O 5. Bg2 d6 6. O-O e5 7. d3 Nc6 8. Rb1 a5 9. a3 Re8 10. b4 axb4 11. axb4 e4 12. Nxe4 Nxe4 13. dxe4 Rxe4 14.
b5 Na5 15. c5 Bf5 16. Bg5 Qd7 17. cxd6 cxd6 18. e3 Rc4 19. Rc1 Rxc1 20. Qxc1 h6 21. e4 Bxe4 22. Bxh6 Bh8 23. Qf4 d5 24. Re1 Nc4 25. h4 Re8 26. Kh2 Nd6 27. h5 Nf5 28. hxg6 fxg6 29. Bg5 Bc3 30. Rc1 Bg7 31. Rc7 Qxb5 32.
Qg4 Qb2 33. Bc1 Qxf2 34. Qxg6 Bxf3 35. Qf7+ Kh8 36. Qxe8+ Kh7 0-1

[Event "*** Titled Tuesday 3|2 Blitz"]
[Site "Chess.com"]
[Date "2016.07.05"]
[Round "2"]
[White "hermionegrangermagic"]
[Black "Er_is_geen_hoop_meer"]
[Result "0-1"]
[WhiteElo "2266"]
[BlackElo "2336"]
[TimeControl "180+2"]
[EndTime "11:18:14 PDT"]
[Termination "Er_is_geen_hoop_meer won by checkmate"]

1. Nf3 e6 2. d4 f5 3. c4 Nf6 4. g3 Be7 5. Bg2 O-O 6. O-O d6 7. Nc3 Ne4 8. Qc2 Nxc3 9. bxc3 Bf6 10. e4 e5 11. exf5 Nc6 12. Rd1 Qe8 13. g4 g6 14.
fxg6 Bxg4 15. gxh7+ Kh8 16. dxe5 Bxf3 17. Bxf3 Bxe5 18. Qe4 Qf7 19. Rd3 Bxh2+ 20. Kxh2 Ne5 21. Bg2 Nxd3 22. Qxd3 Qxf2 23. Be3 Qh4+ 24. Kg1 c5 25.
Qxd6 Rae8 26. Qxc5 Kxh7 27. Qd4 Qg3 28. Qd7+ Kg6 29. Qd3+ Rf5 30. Qd7 Qxe3+ 31. Kh2 Rh8+ 32. Bh3 Rxh3+ 33. Kg2 Qf3+ 34. Kg1 Rh1# 0-1

[Event "*** Titled Tuesday 3|2 Blitz"]
[Site "Chess.com"]
[Date "2016.07.05"]
[Round "2"]
[White "Schemato"]
[Black "joppie2"]
[Result "0-1"]
[WhiteElo "2188"]
[BlackElo "2519"]
[TimeControl "180+2"]
[EndTime "11:18:24 PDT"]
[Termination "joppie2 won by resignation"]

1. c4 e5 2. g3 Nf6 3. Bg2 d5 4. cxd5 Nxd5 5. Nf3 Nc6 6. O-O Nde7 7. b4 a6 8. Bb2 Ng6 9. a3 Bd6 10. Nc3 O-O 11. d4 exd4 12. Nxd4 Nce5 13. Qb3 Qe7 14. Ne4 c6 15. Nxd6 Qxd6 16. Rfd1 Qe7 17. a4 Bg4 18. Rd2 Rad8 19. Rc2 h6 20. e3 Qg5 21. h3 Bc8 22. b5 axb5 23. axb5 c5 24. f4 Qxg3 25.
Ne2 Nf3+ 26. Kf1 Nh2+ 27. Kg1 Nf3+ 28. Kf1 Qh2 29. Bxf3 Nh4 30. Ng1 Bxh3+ 31. Nxh3 Qxh3+ 32. Bg2 Nxg2 33. Rxg2 Rd2 0-1

[Event "*** Titled Tuesday 3|2 Blitz"]
[Site "Chess.com"]
[Date "2016.07.05"]
[Round "2"]
[White "Blitzstream"]
[Black "OparinGrigoriy"]
[Result "0-1"]
[WhiteElo "2507"]
[BlackElo "2638"]
[TimeControl "180+2"]
[EndTime "11:18:25 PDT"]
[Termination "OparinGrigoriy won by resignation"]

1. d4 Nf6 2. Bg5 d5 3. e3 e6 4. Bd3 Be7 5. c4 O-O 6. Nf3 b6 7. Nc3 Bb7 8. O-O Nbd7 9. cxd5 Nxd5 10. Bxe7 Qxe7 11. e4 Nxc3 12. bxc3 c5 13. Qe2 Rfd8 14.
Rfd1 Nf6 15. Rac1 Rac8 16. h3 h6 17. Qe3 Rc7 18. Bb1 Rdc8 19. e5 Nd5 20. Qe4 g6 21. c4 Nc3 22. Qe3 Nxd1 23. Qxh6 Qf8 24. Qh4 Bxf3 25.
gxf3 cxd4 26. Rxd1 Rxc4 27. Qg5 Qd8 28. Qh6 Qf8 29.
Qg5 Qg7 30. Bd3 R4c5 31. f4 b5 32. Kh2 b4 33. Rg1 Rc3 34. Be4 d3 35. h4 d2 36.
h5 Rc1 37. hxg6 Rxg1 38. Qxg1 Qh6+ 39. Kg3 Rc1 40. gxf7+ Kf8 41. Qh1 Rxh1 0-1

[Event "*** Titled Tuesday 3|2 Blitz"]
[Site "Chess.com"]
[Date "2016.07.05"]
[Round "2"]
[White "YuriyKrykun"]
[Black "pedromartinez91"]
[Result "1-0"]
[WhiteElo "2317"]
[BlackElo "2288"]
[TimeControl "180+2"]
[EndTime "11:18:37 PDT"]
[Termination "YuriyKrykun won by checkmate"]

1. e4 c5 2. Nf3 Nc6 3. Bb5 g6 4. Bxc6 bxc6 5. O-O Bg7 6. c3 Nh6 7. d4 cxd4 8. cxd4 O-O 9. Nc3 f5 10. e5 Nf7 11. Bf4 e6 12. h4 c5 13. dxc5 Bb7 14. Re1 Rb8 15. Nd4 Qxh4 16. Bg3 Qe7 17. b4 g5 18. f4 g4 19. Qd2 h5 20. Qf2 Ba8 21. Bh4 Qe8 22. a3 Nh8 23. Bg5 Ng6 24. g3 Kf7 25. Ndb5 Kg8 26. Nd6 Nxe5 27.
Nxe8 Nf3+ 28. Kf1 Bxc3 29. Nd6 Bd4 30. Qc2 h4 31. gxh4 g3 32. Re2 Bxa1 33. Rg2 Nd4 34. Qd3 Bxg2+ 35. Kxg2 a5 36. Be7 Rf7 37. Nxf7 Kxf7 38. Bd6 Rg8 39. Be5 Nb3 40. Qxd7+ Kg6 41.
Qxe6+ Kh7 42. Qf7+ Rg7 43. Qxg7# 1-0

[Event "*** Titled Tuesday 3|2 Blitz"]
[Site "Chess.com"]
[Date "2016.07.05"]
[Round "2"]
[White "armago"]
[Black "annakantane"]
[Result "1-0"]
[WhiteElo "2257"]
[BlackElo "2296"]
[TimeControl "180+2"]
[EndTime "11:18:38 PDT"]
[Termination "armago won by checkmate"]

1. d4 Nf6 2. c4 g6 3. Nc3 d5 4. cxd5 Nxd5 5. e4 Nxc3 6. bxc3 Bg7 7. Nf3 c5 8. Be3 O-O 9. Qd2 Qa5 10. Rc1 Rd8 11.
Bc4 e6 12. h4 h5 13. Bg5 Rd7 14.
d5 b5 15. Bd3 c4 16. Bb1 Bb7 17. Bh6 Na6 18. Bxg7 Kxg7 19. Ne5 Rdd8 20. Qf4 f6 21. Nxg6 Kxg6 22. e5+ f5 23. Qg5+ Kh7 24. Qe7+ Kh8 25. Qf6+ Kh7 26. Rh3 Rg8 27. Qxe6 Raf8 28. Bxf5+ Rxf5 29. Qxf5+ Kh6 30. Qf6+ Rg6 31. Qh8# 1-0

[Event "*** Titled Tuesday 3|2 Blitz"]
[Site "Chess.com"]
[Date "2016.07.05"]
[Round "2"]
[White "Semetey"]
[Black "Alexander_Donchenko"]
[Result "0-1"]
[WhiteElo "2449"]
[BlackElo "2596"]
[TimeControl "180+2"]
[EndTime "11:18:58 PDT"]
[Termination "Alexander_Donchenko won by resignation"]

1. g3 c5 2. Bg2 Nc6 3. d3 g6 4. e4 Bg7 5. f4 e6 6. e5 Nge7 7. Nc3 O-O 8. Ne4 b6 9. Nf3 d5 10. exd6 Nf5 11. Ne5 Nxe5 12. fxe5 Bxe5 13. Nf6+ Qxf6 14. Bxa8 Nxg3 15. Qf3 Qxf3 16. Bxf3 Nxh1 17. Bxh1 Bxh2 18. Bg5 Bxd6 19. Kd2 Kg7 20. Rf1 f6 21. Be3 e5 22. Bd5 Bd7 23. Rh1 h5 24. c3 Rc8 25.
Rg1 g5 26. Bf3 h4 27. d4 cxd4 28. cxd4 Bf5 29. Bd1 exd4 30. Bxd4 Bf4+ 31. Ke2 Re8+ 32. Kf2 Be5 33. Be3 Bxb2 34. Bb3 Rd8 35. Ke2 Bd4 36. Bxd4 Rxd4 0-1

[Event "*** Titled Tuesday 3|2 Blitz"]
[Site "Chess.com"]
[Date "2016.07.05"]
[Round "2"]
[White "ZEN-22"]
[Black "Hieronymus00"]
[Result "1-0"]
[WhiteElo "2333"]
[BlackElo "2145"]
[TimeControl "180+2"]
[EndTime "11:18:58 PDT"]
[Termination "ZEN-22 won by resignation"]

1. e3 e5 2. c4 Nf6 3. a3 d5 4. cxd5 Nxd5 5. Ne2 Nc6 6. g3 Be6 7. Bg2 Qd7 8. h3 Be7 9. d4 exd4 10. Nxd4 Nxd4 11. Qxd4 Bf6 12. Qe4 O-O 13. O-O c6 14. g4 Rfe8 15. Nd2 h5 16. gxh5 Bxh3 17. Bxh3 Qxh3 18. Qf3 Qh4 19. Kg2 Re5 20. Rh1 Qg5+ 21. Qg3 Rae8 22. Nf3 Qxg3+ 23. Kxg3 Re4 24. Rb1 a5 25. Bd2 a4 26. Rbd1 b5 27. Bc1 Be7 28. Nd2 Bd6+ 29. Kg2 Rg4+ 30. Kf3 Rg5 31. e4 Nf6 32. Nc4 bxc4 33. Bxg5 Nxe4 34. Be3 f5 35. h6 gxh6 36. Rxh6 Be5 37. Rxc6 Bxb2 38. Rxc4 Bxa3 39. Rxa4 Bb2 40. Rg1+ Kf7 41. Ra6 Be5 42. Rh1 Bd6 43. Rh7+ Ke6 44. Rh6+ Kd5 45. Bf4 Bxf4 46. Ra5+ Nc5 47. Kxf4 Re4+ 48. Kxf5 Re2 49. f3 Rf2 50. Kf4 Kc4 51. Rc6 Kb4 52. Raxc5 1-0

[Event "*** Titled Tuesday 3|2 Blitz"]
[Site "Chess.com"]
[Date "2016.07.05"]
[Round "2"]
[White "Carolina-moon"]
[Black "sorito"]
[Result "0-1"]
[WhiteElo "2119"]
[BlackElo "2308"]
[TimeControl "180+2"]
[EndTime "11:18:58 PDT"]
[Termination "sorito won by resignation"]

1. e4 c5 2. Nc3 d6 3. f4 Nf6 4.
Nf3 g6 5. Bb5+ Nc6 6. O-O Bg7 7.
Qe1 O-O 8. Bxc6 bxc6 9. d3 Ne8 10. Qh4 Nc7 11. f5 e6 12. Bg5 f6 13. Bh6 Qe7 14. fxg6 hxg6 15. Bxg7 Qxg7 16. Qg3 e5 17. Nh4 Kh7 18. Rf3 Ne6 19. Raf1 Nf4 20. Kh1 Rh8 21.
Nd1 g5 22. Nf5 Bxf5 23. exf5 Qh6 24. R1f2 Kg7 25. Ne3 d5 26. Ng4 Qh5 27. h3 Kf7 28. c4 d4 29. Rxf4 gxf4 30. Qf3 Rac8 31. Kg1 Qh4 32.
Re2 Rhg8 33. Kf1 Ke7 34. Qxf4 Rxg4 35. hxg4 Kd6 36. Qf3 Rg8 37. Rf2 Rxg4 38. Ke2 Qg5 39. Kd1 Rg3 40. Qe2 Re3 41. Qc2 Qg3 42. Qd2 Rxd3 0-1

[Event "*** Titled Tuesday 3|2 Blitz"]
[Site "Chess.com"]
[Date "2016.07.05"]
[Round "2"]
[White "Usurpov"]
[Black "BellJackson95"]
[Result "0-1"]
[WhiteElo "2333"]
[BlackElo "2191"]
[TimeControl "180+2"]
[EndTime "11:19:23 PDT"]
[Termination "BellJackson95 won by resignation"]

1. e4 e5 2. Nf3 Nc6 3. Nc3 Nf6 4. d4 exd4 5. Nxd4 Bb4 6. Nxc6 bxc6 7. Bd3 d5 8. exd5 cxd5 9. O-O O-O 10. Qf3 c6 11.
h3 Bd6 12. Bf4 Bxf4 13. Qxf4 Be6 14. b3 Qa5 15. Qd2 Qc7 16. Rfe1 a6 17. Na4 c5 18. c3 c4 19. Bc2 cxb3 20. axb3 Rac8 21. Bd3 a5 22. Rec1 Rfd8 23. b4 axb4 24. cxb4 Qb8 25. Nc5 Ne4 26. Bxe4 dxe4 27. Qe1 Bd5 28. Nxe4 Rxc1 29.
Rxc1 Re8 30. f3 f5 31. Qd2 Bxe4 32. fxe4 fxe4 33. Qd5+ Kh8 34. b5 e3 35. Kh1 e2 36.
Qd2 Qxb5 37. Re1 Qe5 38. Qc2 Qe3 39. Qc6 Rf8 40. Kh2 Qf4+ 41. Kh1 Qf1+ 0-1

[Event "*** Titled Tuesday 3|2 Blitz"]
[Site "Chess.com"]
[Date "2016.07.05"]
[Round "2"]
[White "E-Shaposhnikov"]
[Black "Astaneh"]
[Result "1-0"]
[WhiteElo "2634"]
[BlackElo "2465"]
[TimeControl "180+2"]
[EndTime "11:19:26 PDT"]
[Termination "E-Shaposhnikov won by resignation"]

1. e4 c6 2. d4 d5 3. Nd2 dxe4 4. Nxe4 Nd7 5. c4 Ngf6 6. Nc3 g6 7. Nf3 Bg7 8. Be2 O-O 9. O-O a6 10. Bf4 b5 11. b3 Nb6 12. Ne5 Bb7 13. Bf3 Rc8 14. a4 bxc4 15. bxc4 Nfd7 16. Qb3 Nxe5 17. Bxe5 Bxe5 18.
dxe5 Rb8 19. Ne4 c5 20. e6 Bxe4 21. exf7+ Rxf7 22. Bxe4 Kg7 23. Rfd1 Qc7 24. Qc3+ Rf6 25. Re1 Rf8 26. f3 Rd8 27. a5 Nc8 28. Bd5 Nd6 29. Ra2 Nf5 30. Rb2 Nd4 31. Rb7 Qf4 32. Rexe7+ Kf8 33. Qe1 Nc2 34. Rg7 Re6 35. Qxe6 Qd4+ 36. Kf1 Qd3+ 37. Kf2 Qd2+ 38. Kg3 Qg5+ 39. Qg4 Qe5+ 40.
Qf4+ 1-0

[Event "*** Titled Tuesday 3|2 Blitz"]
[Site "Chess.com"]
[Date "2016.07.05"]
[Round "2"]
[White "wonderfultime"]
[Black "Aguiar94"]
[Result "1-0"]
[WhiteElo "2680"]
[BlackElo "2487"]
[TimeControl "180+2"]
[EndTime "11:19:28 PDT"]
[Termination "wonderfultime won by checkmate"]

1. d4 Nf6 2. c4 e6 3. Nf3 b6 4. a3 Ba6 5. Qc2 Bb7 6. Nc3 c5 7. dxc5 bxc5 8. Bf4 a6 9. e3 Be7 10. Be2 O-O 11. h3 Qb6 12. O-O d6 13. Rfd1 Rd8 14. Rd2 h6 15. Rad1 Ne8 16. Ne4 f5 17. Nc3 Nd7 18.
Bh2 Ndf6 19. b4 cxb4 20. axb4 Ne4 21. Nxe4 Bxe4 22. Qc3 Bf6 23. Nd4 a5 24. c5 axb4 25. Qb3 dxc5 26. Nxe6 Rxd2 27. Rxd2 Ra3 28. Qc4 Rc3 29.
Nc7+ Rxc4 30. Bxc4+ Kf8 31. Ne6+ Ke7 32. Nf4 b3 33. Ng6# 1-0

[Event "*** Titled Tuesday 3|2 Blitz"]
[Site "Chess.com"]
[Date "2016.07.05"]
[Round "2"]
[White "fireheart92"]
[Black "AlexanderL"]
[Result "1-0"]
[WhiteElo "1560"]
[BlackElo "2538"]
[TimeControl "180+2"]
[EndTime "11:19:32 PDT"]
[Termination "fireheart92 won by resignation"]

1. e4 e6 2. d4 d5 3. Nc3 Nf6 4.
Bg5 dxe4 5. Nxe4 Nbd7 6. Nf3 Be7 7. Nxf6+ Bxf6 8. Bxf6 Nxf6 9. Bd3 O-O 10. O-O b6 11. c3 Bb7 12. Re1 Qe7 13. Qe2 c5 14. dxc5 Qxc5 15. Ba6 Qc8 16. Bxb7 Qxb7 17. Rad1 Rfd8 18.
h3 h6 19. Ne5 Qc7 20. c4 Rxd1 21. Rxd1 Rd8 22. Rxd8+ Qxd8 23. Qd3 Qe7 24. a3 Qc7 25.
Qd4 Kf8 26. b4 Ke7 27. b5 Ne8 28. Nc6+ Kf8 29. c5 Nf6 30. Qa4 bxc5 31. Nxa7 Nd5 32. Nc6 Nb6 33. Qc2 Qd6 34. a4 c4 35. a5 Qd3 36.
Qxd3 cxd3 37. Kf1 Na4 38. b6 Nc5 39. b7 Nxb7 40. a6 1-0

[Event "*** Titled Tuesday 3|2 Blitz"]
[Site "Chess.com"]
[Date "2016.07.05"]
[Round "2"]
[White "theprosecution1"]
[Black "AndreyOstrovskiy"]
[Result "1-0"]
[WhiteElo "2526"]
[BlackElo "2486"]
[TimeControl "180+2"]
[EndTime "11:19:35 PDT"]
[Termination "theprosecution1 won by checkmate"]

1. d4 Nf6 2. c4 e6 3. Nf3 b6 4. g3 Ba6 5. Qc2 Bb4+ 6. Bd2 Be7 7. e4 d5 8. cxd5 Bxf1 9. Kxf1 exd5 10. e5 Ne4 11.
Nc3 Nxd2+ 12. Nxd2 O-O 13. Kg2 c5 14. Nf3 Nc6 15.
Rad1 Nb4 16. Qb1 c4 17. a3 Nd3 18. Ne1 Nxe1+ 19. Rhxe1 Qd7 20. Qc1 Rfe8 21. Qf4 Bf8 22. h4 b5 23. Qf3 Rad8 24. h5 a5 25. h6 g6 26. Rh1 b4 27. axb4 axb4 28. Ne2 f5 29. Nf4 Qf7 30. Ra1 g5 31. Nh5 Re6 32. Nf6+ Rxf6 33. exf6 Qxf6 34. Ra7 b3 35. Re1 Bxh6 36.
Ree7 g4 37. Qe2 Bf8 38. Rxh7 c3 39. bxc3 Rc8 40. Qb2 f4 41. Qxb3 Qe6 42. Qb1 Rxc3 43. Rh8+ Kxh8 44. Qh7# 1-0

[Event "*** Titled Tuesday 3|2 Blitz"]
[Site "Chess.com"]
[Date "2016.07.05"]
[Round "2"]
[White "Fandorine"]
[Black "Keaton87"]
[Result "0-1"]
[WhiteElo "2621"]
[BlackElo "2492"]
[TimeControl "180+2"]
[EndTime "11:19:45 PDT"]
[Termination "Keaton87 won by resignation"]

1. e4 c5 2. Nf3 d6 3. d4 Nf6 4.
Nc3 cxd4 5. Nxd4 g6 6. Be3 Bg7 7. f3 O-O 8. Qd2 Nc6 9. g4 Nxd4 10. Bxd4 Be6 11. O-O-O Qa5 12. Kb1 Rfc8 13. Nd5 Qxd2 14. Nxf6+ Bxf6 15. Rxd2 Bxd4 16. Rxd4 h6 17. h4 g5 18. Be2 Kg7 19. c3 Kf6 20. Kc2 Ke5 21.
a4 Kf4 22. Kd2 Rc5 23. hxg5 hxg5 24. Rh5 Re5 25. Ke1 Rc8 26. Kf2 b6 27. Rh6 Rg8 28. Bc4 Bxc4 29. Rxc4 Rc5 30. Rd4 Ke5 31. Ke3 f6 32.
Rh7 Ke6 33. Kd3 Rgc8 34. c4 a5 35. b3 Re5 36. Rd5 Kd7 37. Ke3 Ke6 38. Kd4 Kd7 39.
Ke3 Ke6 40. Rh1 Kd7 41. Rh5 Ke6 42. f4 gxf4+ 43. Kxf4 Rg8 44. Rf5 Rh8 45. g5 fxg5+ 46. Kxg5 Rxe4 47. Rf3 Rg8+ 48. Kh6 Rh4+ 49. Rh5 Rh8+ 50.
Kg6 R8xh5 51. Re3+ Re5 0-1

[Event "*** Titled Tuesday 3|2 Blitz"]
[Site "Chess.com"]
[Date "2016.07.05"]
[Round "2"]
[White "oggy1984"]
[Black "WanderingPuppet"]
[Result "0-1"]
[WhiteElo "2300"]
[BlackElo "2295"]
[TimeControl "180+2"]
[EndTime "11:19:48 PDT"]
[Termination "WanderingPuppet won by resignation"]

1. e4 c5 2. Nf3 d6 3. d4 cxd4 4.
Qxd4 a6 5. c4 Nc6 6. Qe3 Nf6 7.
h3 e6 8. Nc3 Be7 9. Be2 O-O 10.
O-O Qc7 11. b3 b6 12. Rd1 Nd7 13. Bb2 Rd8 14. Rac1 Qb8 15. Nd4 Bb7 16. f4 Bf6 17. Nxc6 Bxc6 18. Kh1 b5 19. cxb5 axb5 20. Nd5 exd5 21.
Bxf6 Nxf6 22. Rxc6 dxe4 23. Rb6 Qc7 24. Bxb5 Rxa2 25.
Rc1 Qe7 26. Rbc6 h5 27. Rc7 Qe6 28. b4 Nd5 29. Bc4 Nxe3 30. Bxe6 fxe6 31. Re7 Rxg2 32. Rxe6 d5 33. Rc7 Ra8 34. Rc1 Raa2 0-1

[Event "*** Titled Tuesday 3|2 Blitz"]
[Site "Chess.com"]
[Date "2016.07.05"]
[Round "2"]
[White "yopino"]
[Black "Journey_to_GrandMaster_YT"]
[Result "0-1"]
[WhiteElo "2371"]
[BlackElo "2428"]
[TimeControl "180+2"]
[EndTime "11:19:50 PDT"]
[Termination "Journey_to_GrandMaster_YT won by resignation"]

1. e4 d6 2. d4 Nf6 3. Nc3 e5 4. Nf3 Nbd7 5. g4 Nxg4 6. Rg1 Ngf6 7. Bc4 h6 8. Be3 c6 9. Qd3 b5 10. Bb3 Qa5 11. dxe5 dxe5 12. O-O-O Ba6 13. Ne2 c5 14. c4 b4 15. Qc2 O-O-O 16. Ne1 Qc7 17. Kb1 Bb7 18.
f3 g6 19. Ng2 Be7 20. Bf2 Nf8 21. Ne3 Ne6 22. Nd5 Nxd5 23. cxd5 Nd4 24. Nxd4 cxd4 25.
Qd3 Kb8 26. f4 exf4 27. Qxd4 Bc8 28. Rc1 Qb7 29. Rc6 Bd7 30. Qe5+ Ka8 31. Qxe7 Bxc6 32. Qf6 Bb5 33. Qxf4 Rhe8 34. Ka1 Qb8 35. d6 Qxd6 36. Qxf7 Re7 37. Qf3 Bc6 38. Bg3 Qd3 39. Qf6 Qd7 40. Rc1 Bb7 41. Rc7 Qd1+ 0-1

[Event "*** Titled Tuesday 3|2 Blitz"]
[Site "Chess.com"]
[Date "2016.07.05"]
[Round "2"]
[White "macko06"]
[Black "wnstop"]
[Result "0-1"]
[WhiteElo "2206"]
[BlackElo "2364"]
[TimeControl "180+2"]
[EndTime "11:19:51 PDT"]
[Termination "wnstop won by checkmate"]

1. d4 Nf6 2. c4 g6 3. Nc3 Bg7 4. e4 O-O 5. Nf3 d6 6. Be2 e5 7. Be3 Na6 8. d5 Ng4 9. Bg5 f6 10. Bh4 c5 11. Nd2 Nh6 12. f3 Nf7 13. a3 h5 14. Rb1 Bh6 15. Bf2 Bd7 16. b4 b6 17.
bxc5 Nxc5 18. Nb3 Na4 19. Qc2 f5 20. Nd2 Nxc3 21. Qxc3 Qg5 22. g3 Qxd2+ 23. Qxd2 Bxd2+ 24. Kxd2 fxe4 25. fxe4 Ng5 26. Be3 Nxe4+ 27. Kc2 Nf2 28. Bxf2 Rxf2 29. Kd2 Bg4 30. Rbe1 Rc8 31. Rhf1 Rxh2 32.
Rf6 Rxc4 33. Ke3 Rc3+ 34. Kd2 Rxa3 35. Rxg6+ Kf7 36. Rxd6 Ra2+ 37. Kd3 Bxe2+ 38. Kc3 Ra3+ 39. Kb4 Rxg3 40. Rd7+ Kf6 41. Rxa7 Rh4# 0-1